 Dungeon Crawl Stone Soup version 0.31.0-32-g396128a36d (webtiles) character file.

Game seed: 2569830106316542937

74 mainiacjoe the Sneak (level 4, 0/27 HPs)
             Began as an Octopode Enchanter on Mar 23, 2024.
             Was a Believer of Kikubaaqudgha.
             Slain by Robin
             ... wielding a +1 spear of freezing
              (7 damage)
             ... on level 2 of the Dungeon.
             The game lasted 00:06:12 (2266 turns).

mainiacjoe the Sneak (Octopode Enchanter)           Turns: 2266, Time: 00:06:12

Health: 0/27       AC:  1    Str:  7    XL:     4   Next: 28%
Magic:  7/7        EV: 13    Int: 19    God:    Kikubaaqudgha [**....]
Gold:   78         SH:  0    Dex: 12    Spells: 4/7 levels left

rFire   . . .        a - +1 dagger
rCold   . . .        (no shield)
rNeg    . . .        (helmet restricted)
rPois   .            g - amulet of regeneration
rElec   .            (no ring)
rCorr   .            (no ring)
SInv    .            (no ring)
Will    .....        (no ring)
Stlth   +++          (no ring)
HPRegen 1.04/turn    (no ring)
MPRegen 0.10/turn    (no ring)
                     (no ring)

%: no passive effects
@: no status effects
A: almost no armour, amphibious, 8 rings, camouflage 1, gelatinous body 1,
(nimble swimmer 1), tentacles
a: Renounce Religion, Unearth Wretches


You were on level 2 of the Dungeon.
You worshipped Kikubaaqudgha.
Kikubaaqudgha was pleased with you.
You visited 1 branch of the dungeon, and saw 2 of its levels.

You collected 78 gold pieces.

Inventory:

Hand Weapons
 a - a +1 dagger (weapon)
 b - a +0 sling
 j - a +0 short sword
Missiles
 c - 17 stones
 m - 6 javelins
Jewellery
 g - an amulet of regeneration (around mantle)
Scrolls
 i - 2 scrolls of poison
 l - 3 scrolls of teleportation
Potions
 d - 2 potions of invisibility
 e - 3 potions of resistance
 f - a potion of berserk rage
 h - a potion of attraction {unknown}
 k - 2 potions of curing {unknown}
 n - a potion of heal wounds {unknown}
 o - a potion of brilliance {unknown}


   Skills:
 + Level 3.0 Short Blades
 - Level 2.0 Dodging
 - Level 4.0 Stealth
 - Level 2.0 Spellcasting
 - Level 3.0 Hexes
 + Level 2.2 Necromancy


You had 4 spell levels left.
You knew the following spells:

 Your Spells              Type           Power      Damage    Failure   Level
b - Confusing Touch       Hex            13%        N/A       14%         3

Your spell library contained the following spells:

 Spells                   Type           Power      Damage    Failure   Level
 Necrotise                Necr           40%        1d6       7%          1
 Sublimation of Blood     Necr           10%        N/A       10%         2
 Ensorcelled Hibernation  Hex/Ice        14%        N/A       14%         2
 Tukima's Dance           Hex            13%        N/A       14%         3
 Cigotuvi's Dreadful Rot  Necr/Alch/Air  8%         N/A       19%         2
 Fugue of the Fallen      Necr           10%        N/A       21%         3
 Dazzling Flash           Conj/Hex       14%        N/A       26%         3
 Passwall                 Erth           1%         N/A       45%         3
 Swiftness                Air            1%         N/A       45%         3
 Anguish                  Hex/Necr       5%         N/A       50%         4
 Vhi's Electric Charge    Tloc/Air       2%         N/A       86%         4
 Arcjolt                  Conj/Air       0%         1d10      99%         5
 Maxwell's Capacitive Co  Air            0%         ∞         100%        8


Dungeon Overview and Level Annotations

Branches:
Dungeon (2/15)

Altars:
Kikubaaqudgha
Vehumet

Annotations:
D:2 Robin


Innate Abilities, Weirdness & Mutations

You cannot wear most types of armour.
You are amphibious.
You can wear up to eight rings at the same time.
Your skin changes colour to match your surroundings (Stealth+).
Your rubbery body absorbs attacks. (AC +1, EV +1)
((You are camouflaged when in or above water. (Stealth+)))
You have tentacles for arms and can constrict up to eight enemies at once.


Message History

The sling bullet hits Robin.
Robin is severely wounded.
You shoot a sling bullet.
The sling bullet hits Robin but does no damage.
Robin is severely wounded.
You shoot a sling bullet.
The sling bullet completely misses Robin.
Robin completely misses you.
You shoot a sling bullet. The sling bullet hits Robin.
Robin is almost dead.
Robin hits you from afar with a +1 spear of freezing.
Robin freezes you.
You shoot a sling bullet. The sling bullet barely misses Robin.
Robin hits you from afar with a +1 spear of freezing.
Robin freezes you.
Robin hits you from afar with a +1 spear of freezing.
Robin freezes you.
You are too injured to fight recklessly!
Unknown command.
You are too injured to fight recklessly!
Unknown command.
a - a +1 dagger (weapon)
Robin says, "Duck!"
You hit the hobgoblin but do no damage. Your grab misses the hobgoblin.
Robin roars a battlecry!
The hobgoblin goes into a battle-frenzy!
The hobgoblin misses you.
You hit Robin but do no damage. You grab Robin.
You squeeze Robin, but do no damage.
Robin is almost dead.
You constrict Robin.
Robin hits you with a +1 spear of freezing.
Robin freezes you. The hobgoblin hits you.
* * * LOW HITPOINT WARNING * * *
You completely miss the hobgoblin. You grab the hobgoblin.
You constrict Robin, but do no damage. You constrict the hobgoblin.
Robin hits you with a +1 spear of freezing!
You die...
Robin calls out, "Let's celebrate!
Time for a feast!"
Kikubaaqudgha rasps: "You have failed me!
Welcome... death!"

#..........##
#..........#
#..........##
##..........#
#####......# #......#
##'##### #g##
###########@g###
#..........#...#######
##
#...........##.......#
#.
#...........##.......#
#.
#.###....######......#
#. #.# ##..## #....†.#
#. #.# #P.P#
####'##### ## #.#
#.PP## #......## #.#
##.## #.......# ######


You could see Robin and a hobgoblin (strong).

Vanquished Creatures
  2 adders (D:2)
  A ribbon worm (D:2)
  2 dart slugs
  3 endoplasms
  2 giant cockroaches
  11 goblins
  5 hobgoblins
  7 kobolds
  A quokka (D:1)
  5 ball pythons
  3 bats (D:2)
  A frilled lizard (D:2)
  A rat (D:1)
44 creatures vanquished.

Vanquished Creatures (collateral kills)
  A kobold (D:2)
1 creature vanquished.

Grand Total: 45 creatures vanquished

Notes
Turn   | Place    | Note
-------+----------+-------------------------------------------
     0 | D:1      | mainiacjoe the Octopode Enchanter began the quest for the
                  | Orb.
     0 | D:1      | Reached XP level 1. HP: 11/11 MP: 3/3
    28 | D:1      | Found a faded altar of an unknown god.
    52 | D:1      | Prayed at the altar of an unknown god.
    52 | D:1      | Became a worshipper of Kikubaaqudgha
    52 | D:1      | Reached * piety under Kikubaaqudgha
    52 | D:1      | Received a gift from Kikubaaqudgha
    55 | D:1      | Learned a level 1 spell: Necrotise
    72 | D:1      | Reached XP level 2. HP: 15/17 MP: 1/5
  1149 | D:1      | Reached skill level 1 in Necromancy
  1486 | D:2      | Reached XP level 3. HP: 19/21 MP: 1/6
  1594 | D:2      | Noticed Robin
  2018 | D:2      | Reached ** piety under Kikubaaqudgha
  2019 | D:2      | Reached XP level 4. HP: 27/27 MP: 1/7
  2024 | D:2      | Found a radiant altar of Vehumet.
  2138 | D:2      | Learned a level 3 spell: Confusing Touch
  2266 | D:2      | Slain by Robin

Illustrated notes

Levels and vault maps discovered:
D:1:      psy_arrival_radial01, layout_loops_ring,
          hellmonk_ecumenical_altar_crossroads, serial_co_window_serial,
          co_window_corner_a, co_window_corner_a, co_window_paths_a,
          co_window_paths_b, co_window_corner_a, co_window_of_opportunity_b,
          co_window_unsneaky_path_c, co_window_corner_ca, glass_columns_c,
          glass_columns_a, amcnicky_mini_corridor_feature
D:2:      layout_basic, basic_altar, uniq_robin, uniq_crazy_yiuf_cottage

Skill      XL: |  1  2  3  4 |
---------------+-------------+-----
Short Blades   | 2 3 |  3.0
Necromancy     | 1 2 |  2.2
Dodging        | |  2.0
Stealth        | |  4.0
Spellcasting   | |  2.0
Hexes          | |  3.0

Action                     |  1- 3 |  4- 6 || total
---------------------------+-------+-------++-------
  Melee: Dagger            |    31 |     6 ||    37
         Tentacles         |    10 |     2 ||    12
         Short sword       |     5 |       ||     5
         Constrict         |     8 |     2 ||    10
   Fire: Sling             |    31 |    18 ||    49
  Throw: Stone             |     2 |       ||     2
   Cast: Necrotise         |    49 |     1 ||    50
    Use: Scroll            |     6 |     1 ||     7
   Stab: Sleeping          |     3 |       ||     3
 Armour: Skin              |    28 |    11 ||    39
  Dodge: Dodged            |    40 |     6 ||    46
